 Dungeon Crawl Stone Soup version 0.20.0-8-g6b59dc7 (webtiles) character file.

163 cereshysteria the Poker (level 5, 0/45 HPs)
             Began as a Hill Orc Monk on June 1, 2017.
             Slain by Sigmund
             ... wielding a +0 scythe
              (5 damage)
             ... on level 2 of the Dungeon.
             The game lasted 00:04:48 (2659 turns).

cereshysteria the Poker (Hill Orc Monk)             Turns: 2659, Time: 00:04:49

Health: 0/45       AC:  5    Str: 13 (14) XL:     5   Next: 44%
Magic:  5/5        EV: 12    Int:  8 (9)  God:
Gold:   136        SH:  0    Dex: 11 (13) Spells: 4/4 levels left

rFire    + . .     SeeInvis .   a - +0 spear
rCold    . . .     Gourm    .   (no shield)
rNeg     . . .     Faith    .   g - +0 leather armour
rPois    .         Spirit   .   (no helmet)
rElec    .         Reflect  .   (no cloak)
rCorr    .         Harm     .   q - +0 pair of gloves
MR       .....                  s - +0 pair of boots
Stlth    ++........             (no amulet)
Regen    0.2/turn               (no ring)
MPRegen  0.1/turn               (no ring)

@: no status effects
A: dopey 1, fire resistance 1, no potion heal 1
a: no special abilities


You were on level 2 of the Dungeon.
You were hungry.

You visited 1 branch of the dungeon, and saw 2 of its levels.

You collected 136 gold pieces.

Inventory:

Hand Weapons
 a - a +0 spear (weapon)
Armour
 b - a +0 robe
 g - a +0 leather armour (worn)
 q - a +0 pair of gloves (worn)
 s - a +0 pair of boots (worn)
Wands
 f - a wand of polymorph (0/24)
Scrolls
 e - a scroll of identify {unknown}
 i - a scroll of enchant weapon {unknown}
 j - a scroll of fear {unknown}
 m - a scroll of noise {unknown}
 o - a scroll of fog {unknown}
Potions
 r - a potion of might {unknown}
 t - a potion of invisibility {unknown}
Comestibles
 c - 2 bread rations
 d - 3 meat rations
 n - a royal jelly


   Skills:
 - Level 3.6 Fighting
 * Level 5.7 Polearms
 - Level 2.4 Dodging
 + Level 2.9 Stealth


You had 4 spell levels left.
You didn't know any spells.

Dungeon Overview and Level Annotations

Branches:
Dungeon (2/15)

Altars:

Annotations:
D:2 Sigmund, Terence


Innate Abilities, Weirdness & Mutations

You are dopey. (Int -2)
Your flesh is heat resistant. (rF+)
Potions are less effective at restoring your health.


Message History

Something tries to affect you, but you resist.
A magic dart appears from out of thin air!
The magic dart hits you! Something hits you! Something hits you!
* * * LOW HITPOINT WARNING * * *
Something hits you.
* * * LOW HITPOINT WARNING * * *
It was a potion of degeneration.
There was something very wrong with that liquid.
You feel weakened.
You feel dopey.
You feel clumsy.
You hear some strange, mumbled words.
Something tries to affect you, but you resist.
It was a potion of magic.
Magic courses through your body. Something barely misses you.
It was a potion of mutation.
You feel extremely strange.
You feel stupid.
Your system partially rejects the healing effects of potions.
You feel resistant to heat. Something hits you.
You die...

......# #.#%...#†# #####.#
#.#..#.#.# # .# .#
#.#......# #####.###.#.
..#.##.### ............
#.#.##.# #####......#
####.#.##.# #
......#####..{...##.#
#####...............####.#
...........#####@##(# #.#
####.##...# #.##.# #.# #
#†# # #.##.# #.# #
#.###.#######.##.####.# #
#.........<.#....†....#
#.###..........########
#.# ####.#..# #.# #.#..#
#.#########.#..#


There were no monsters in sight!

Vanquished Creatures
  Natasha (thrice) (D:2)
  3 gnolls (D:2)
  2 adders (D:2)
  A worm (D:2)
  2 ball pythons
  A giant cockroach (D:1)
  8 goblins
  8 hobgoblins
  4 jackals (D:2)
  2 bats (D:1)
  4 frilled lizards
  2 kobolds
  6 rats
46 creatures vanquished.

Notes
Turn   | Place    | Note
-------+----------+-------------------------------------------
     0 | D:1      | cereshysteria the Hill Orc Monk began the quest for the Orb.
     0 | D:1      | Reached XP level 1. HP: 19/19 MP: 1/1
   339 | D:1      | Reached XP level 2. HP: 26/26 MP: 2/2
   512 | D:1      | Reached skill level 4 in Polearms
   967 | D:1      | You fall through a shaft!
   981 | D:2      | Reached XP level 3. HP: 21/31 MP: 3/3
  1115 | D:2      | Noticed Sigmund
  1178 | D:2      | Noticed Natasha
  1193 | D:2      | Killed Natasha
  1588 | D:2      | Reached XP level 4. HP: 38/39 MP: 4/4
  1660 | D:2      | Reached skill level 5 in Polearms
  2334 | D:2      | Noticed Natasha
  2344 | D:2      | Killed Natasha
  2344 | D:2      | Reached XP level 5. HP: 45/45 MP: 5/5
  2435 | D:2      | Noticed Natasha
  2447 | D:2      | Killed Natasha
  2603 | D:2      | Noticed Terence
  2659 | D:2      | Gained mutation: You are dopey. (Int -2) [potion of mutation]
  2659 | D:2      | Gained mutation: Potions are less effective at restoring your health. [potion of mutation]
  2659 | D:2      | Gained mutation: Your flesh is heat resistant. (rF+) [potion of mutation]
  2659 | D:2      | Slain by Sigmund

Skill      XL: |  1  2  3  4 |
---------------+-------------+-----
Polearms       | 4 5 |  5.7
Stealth        | 2 |  2.9
Fighting       | |  3.6
Dodging        | |  2.4

Action                   |  1- 3 |  4- 6 || total
-------------------------+-------+-------++-------
Melee: Spear             |   109 |    98 ||   207
  Use: Potion            |       |     4 ||     4
 Stab: Sleeping          |     2 |       ||     2
  Eat: Chunk             |     1 |     2 ||     3
       Fruit             |     1 |     1 ||     2
Armor: Robe              |     7 |       ||     7
       Leather armour    |    13 |    15 ||    28
       Skin              |       |     2 ||     2
Dodge: Dodged            |    63 |    42 ||   105
